 Dungeon Crawl Stone Soup version 0.29.1-1-gd02db69 (webtiles) character file.

Game seed: 10532003428796485274

415 Kel the Chopper (level 6, -10/37 HPs)
             Began as a Gargoyle Berserker on Nov 24, 2022.
             Was a Believer of Trog.
             Killed by divine providence
             ... invoked by an orc priest
              (16 damage)
             ... on level 3 of the Dungeon.
             The game lasted 00:03:59 (2367 turns).

Kel the Chopper (Gargoyle Berserker)                Turns: 2367, Time: 00:04:00

Health: -10/37     AC: 10    Str: 22    XL:     6   Next: 92%
Magic:  6/6        EV: 11    Int:  8    God:    Trog [**....]
Gold:   39         SH:  0    Dex:  9    Spells: 5/5 levels left

rFire   . . .      SeeInvis .   a - +0 hand axe
rCold   . . .      Faith    .   (no shield)
rNeg    + . .      Spirit   .   h - +0 ring mail
rPois   ∞          Reflect  .   g - +0 helmet
rElec   +          Harm     .   (no cloak)
rCorr   .          Rampage  .   (no gloves)
Will    .....                   (no boots)
Stlth   ..........              (no amulet)
HPRegen 0.12/turn               (no ring)
MPRegen 0.10/turn               (no ring)

@: no status effects
A: sickness immunity, AC +4, negative energy resistance 1, electricity
resistance, torment resistance 1, petrification resistance
a: Renounce Religion, Berserk, Trog's Hand


You were on level 3 of the Dungeon.
You worshipped Trog.
Trog was pleased with you.
You visited 1 branch of the dungeon, and saw 3 of its levels.

You collected 39 gold pieces.

Inventory:

Hand Weapons
 a - a +0 hand axe (weapon)
Armour
 g - a +0 helmet (worn)
 h - a +0 ring mail (worn)
Scrolls
 c - 3 scrolls of identify {unknown}
 d - a scroll of teleportation {unknown}
 j - a scroll of silence {unknown}
 k - a scroll of acquirement {unknown}
Potions
 b - a potion of berserk rage {unknown}
 e - 2 potions of curing {unknown}
 f - a potion of cancellation {unknown}
 i - a potion of degeneration {unknown}


   Skills:
 - Level 3.2 Fighting
 + Level 6.9 Axes
 - Level 2.1 Armour
 - Level 1.5 Dodging


You had 5 spell levels left.
You didn't know any spells.
Your spell library was empty.

Dungeon Overview and Level Annotations

Branches:
Dungeon (3/15)

Altars:
Okawaru


Innate Abilities, Weirdness & Mutations

You are immune to sickness and miasma.
Your stone body is resilient. (AC +4)
You are immune to poison.
You resist negative energy. (rN+)
You are resistant to electric shocks. (rElec)
You are resistant to unholy torment.
You are immune to petrification.


Message History

The orc priest is heavily wounded.
The orc priest hits you but does no damage.
You hit the orc priest but do no damage.
The orc priest is heavily wounded.
The orc priest hits you but does no damage.
You hit the orc priest but do no damage.
The orc priest is heavily wounded.
The orc priest hits you but does no damage.
You slash the orc priest!
The orc priest is almost dead.
The orc priest completely misses you.
You barely miss the orc priest.
The orc priest is almost dead.
The orc priest barely misses you.
You closely miss the orc priest.
The orc priest is almost dead.
You closely miss the orc. You punch the orc.
The orc is heavily wounded.
The orc priest looks encouraged for a moment.
You closely miss the orc.
The orc is heavily wounded.
The orc hits you with a +0 mace.
* * * LOW HITPOINT WARNING * * *
The orc wizard gestures wildly while chanting.
The orc wizard flickers and vanishes!
Deactivating autopickup; reactivate with Ctrl-A.
You completely miss the orc.
The orc is heavily wounded.
The orc hits you but does no damage.
You hit the orc.
The orc is almost dead.
The orc closely misses you.
You closely miss the orc.
The orc is almost dead.
The orc closely misses you.
You closely miss the orc.
The orc is almost dead.
The orc priest calls down the wrath of Beogh upon you.
Beogh smites you!
You die...

.#.#.### .......#
.#...#.#####
.###.#.#...#
.#.....#.#.#
.#.#.###.#.# .#.#.#
#.#.# .#.#.#
#.#.############
.#.#.###.#......@oo{oo#
#.......#.##########.#
####.#######
...........#
####.#####.# ...#.#
##.#.# ##...#####.#
...........#


You could see an orc priest and 3 orcs.

Vanquished Creatures
  Grinder (D:3)
  Sigmund (D:2)
  2 adders (D:2)
  A worm (D:2)
  2 dart slugs
  5 endoplasms
  4 giant cockroaches
  4 goblins
  6 hobgoblins
  2 quokkas
  3 ball pythons
  2 bats
  3 frilled lizards
  8 kobolds
  3 rats
47 creatures vanquished.

Notes
Turn   | Place    | Note
-------+----------+-------------------------------------------
     0 | D:1      | Kel the Gargoyle Berserker began the quest for the Orb.
     0 | D:1      | Reached XP level 1. HP: 14/14 MP: 1/1
   109 | D:1      | Reached skill level 3 in Axes
   114 | D:1      | Reached XP level 2. HP: 13/19 MP: 2/2
   783 | D:1      | Reached ** piety under Trog
   786 | D:1      | Reached XP level 3. HP: 23/23 MP: 3/3
  1180 | D:2      | Found a faded altar of an unknown god.
  1396 | D:2      | Reached skill level 4 in Axes
  1432 | D:2      | Noticed Sigmund
  1441 | D:2      | Killed Sigmund
  1442 | D:2      | Reached skill level 5 in Axes
  1442 | D:2      | Reached XP level 4. HP: 28/28 MP: 4/4
  1442 | D:2      | Reached XP level 5. HP: 32/32 MP: 5/5
  1740 | D:2      | Found an iron altar of Okawaru.
  2030 | D:2      | You fall into a shaft and drop 1 floor!
  2045 | D:3      | Noticed Grinder
  2062 | D:3      | Killed Grinder
  2063 | D:3      | Reached skill level 6 in Axes
  2063 | D:3      | Reached XP level 6. HP: 35/37 MP: 6/6
  2367 | D:3      | Killed from afar by an orc priest

Illustrated notes

Levels and vault maps discovered:
D:1:      zelgadis_glass_arrival_small, layout_loops_cross
D:2:      layout_basic, shapermc_ecumenical_altar_totnotflames, serial_shops,
          shop, basic_altar, uniq_sigmund
D:3:      layout_basic, serial_corexii_hall, chequers_hall_statues_wall_a,
          corexii_hall_statues_l, uniq_grinder, uniq_crazy_yiuf_cottage

Skill      XL: |  1  2  3  4  5 |
---------------+----------------+-----
Axes           | 3 5 6 |  6.9
Fighting       | |  3.2
Armour         | |  2.1
Dodging        | |  1.5

Action                   |  1- 3 |  4- 6 || total
-------------------------+-------+-------++-------
Melee: Hand axe          |    86 |    89 ||   175
       Punch             |     1 |     2 ||     3
Invok: Berserk           |     1 |     1 ||     2
 Stab: Sleeping          |     1 |     1 ||     2
Armor: Animal skin       |    22 |    25 ||    47
       Ring mail         |       |    17 ||    17
Dodge: Dodged            |    55 |    42 ||    97
